 Dungeon Crawl Stone Soup version 0.30.0-29-ga12c61a403 (webtiles) character file.

Game seed: 2654851113346322936

131 LustLizard the Gusty (level 5, -4/33 HPs)
             Began as an Octopode Air Elementalist on June 24, 2023.
             Was a Follower of Okawaru.
             Killed by nerve-wracking pain
             ... invoked by an orc priest
              (7 damage)
             ... on level 3 of the Dungeon.
             The game lasted 00:03:21 (3013 turns).

LustLizard the Gusty (Octopode Air Elementalist)    Turns: 3013, Time: 00:03:22

Health: -4/33      AC:  1    Str:  9    XL:     5   Next: 14%
Magic:  0/8        EV: 13    Int: 17    God:    Okawaru [*.....]
Gold:   94         SH:  0    Dex: 19    Spells: 3/9 levels left

rFire   + . .        (no weapon)
rCold   . . .        (no shield)
rNeg    . . .        (helmet restricted)
rPois   .            (no amulet)
rElec   .            f - +6 ring of dexterity
rCorr   .            m - ring of protection from fire
SInv    .            (no ring)
Will    .....        (no ring)
Stlth   ++++         (no ring)
HPRegen 0.25/turn    (no ring)
MPRegen 0.11/turn    (no ring)
                     (no ring)

%: no passive effects
@: no status effects
A: almost no armour, amphibious, 8 rings, camouflage 1, gelatinous body 1,
(nimble swimmer 1), tentacles
a: Renounce Religion, Heroism


You were on level 3 of the Dungeon.
You worshipped Okawaru.
Okawaru was aware of your devotion.
You visited 1 branch of the dungeon, and saw 4 of its levels.

You collected 94 gold pieces.

Inventory:

Jewellery
 f - a +6 ring of dexterity (left tentacle)
 m - a ring of protection from fire (right tentacle)
Scrolls
 b - 2 scrolls of fog {unknown}
 c - a scroll of blinking {unknown}
 e - a scroll of identify
 h - a scroll of enchant armour {unknown}
 j - a scroll of immolation {unknown}
 l - a scroll of enchant weapon {unknown}
 p - 2 scrolls of teleportation {unknown}
 q - a scroll of vulnerability {unknown}
Potions
 a - a potion of magic
 d - a potion of might {unknown}
 g - a potion of ambrosia {unknown}
 i - 2 potions of flight
 k - a potion of haste {unknown}
 n - a potion of attraction {unknown}
 o - 2 potions of curing


   Skills:
 + Level 1.4 Fighting
 - Level 2.0 Dodging
 + Level 3.9 Stealth
 + Level 2.6 Spellcasting
 + Level 2.0 Conjurations
 * Level 4.1 Air Magic


You had 3 spell levels left.
You knew the following spells:

 Your Spells              Type           Power      Damage    Failure   Level
a - Shock                 Conj/Air       48%        1d6       5%          1
b - Static Discharge      Conj/Air       24%        2-3/arc   8%          2
c - Swiftness             Air            16%        N/A       10%         3

Your spell library contained the following spells:

 Spells                   Type           Power      Damage    Failure   Level
 Sandblast                Erth           4%         2d4       19%         1
 Passwall                 Tmut/Erth      1%         N/A       28%         2
 Stone Arrow              Conj/Erth      10%        3d7       36%         3
 Airstrike                Air            8%         2d(2-18)  32%         4


Dungeon Overview and Level Annotations

Branches:
Dungeon (4/15)
 Temple: D:4-7

Altars:
Okawaru
Uskayaw
Vehumet

Shops:
D:2 [

Annotations:
D:4 exclusion: ice beast


Innate Abilities, Weirdness & Mutations

You cannot wear most types of armour.
You are amphibious.
You can wear up to eight rings at the same time.
Your skin changes colour to match your surroundings (Stealth+).
Your rubbery body absorbs attacks. (AC +1, EV +1)
((You are camouflaged when in or above water. (Stealth+)))
You have tentacles for arms and can constrict up to eight enemies at once.


Message History

The zap hits the orc wizard but does no damage.
The orc wizard is heavily wounded.
You tentacle-slap the orc priest. You grab the orc priest.
You squeeze the orc priest.
You kill the orc priest!
Okawaru accepts your kill.
Your Conjurations skill increases to level 2!
You have reached level 5!
You feel agile.
The orc priest invokes the aid of Beogh against you.
Pain shoots through your body!
Your magical contamination has completely faded away.
The orc priest calls upon Beogh to heal something.
There is an escape hatch in the ceiling here.
The orc priest begins to cast a cantrip, but forgets the words!
A mysterious force pulls you upwards. The hatch slams shut behind you.
You tentacle-slap the orc priest but do no damage.
Your grab misses the orc priest.
The orc priest is lightly wounded.
The orc priest hits you with a +0 falchion!
Aiming: Shock (safe; 5% risk of failure)
Press: ? - help, Q - select action, (/) - cycle Shift-Dir - straight line, f - orc priest
Aim: an orc priest, wielding a +0 falchion and wearing a +0 ring mail (lightly wounded, 72% to hit)
The zap hits the orc priest.
The orc priest is lightly wounded.
The orc priest calls down the wrath of Beogh upon you.
Beogh smites you!
* * * LOW HITPOINT WARNING * * *
You barely miss the orc priest. Your grab misses the orc priest.
The orc priest is lightly wounded.
The orc priest calls down the wrath of Beogh upon you.
Pain shoots through your body!
* * * LOW HITPOINT WARNING * * *
Unknown command.
You barely miss the orc priest. You grab the orc priest.
The orc priest is lightly wounded.
You constrict the orc priest.
The orc priest invokes the aid of Beogh against you.
Pain shoots through your body!
You die...

########### #.........#
#.#######.# ### ##### #.# #.#
##.###...####.##### #.#
##...#.............###.#######
#.......<..###..o............#
##...#.....# #.@##.###.#####.#
##...##...## #..##.###.# #.#
##.....########.........# #.#
........#......#.##.##### #.#
..........####.#.##.# #.#
...(.......# #.#.##.# #.#
...........###.#.##.# ##.###
#..[.............##.# #.#...
.#.....##..###.####.#########.###


You could see an orc priest.

Vanquished Creatures
  An orc priest (D:4)
  4 adders
  3 dart slugs
  2 orcs (D:3)
  5 ball pythons
  A bat (D:2)
  8 endoplasms
  A giant cockroach (D:3)
  8 goblins
  5 hobgoblins
  4 kobolds
  3 quokkas
  5 frilled lizards
  4 rats
54 creatures vanquished.

Vanquished Creatures (others)
  A ball python (D:3)
1 creature vanquished.

Grand Total: 55 creatures vanquished

Notes
Turn   | Place    | Note
-------+----------+-------------------------------------------
     0 | D:1      | LustLizard the Octopode Air Elementalist began the quest
                  | for the Orb.
     0 | D:1      | Reached XP level 1. HP: 11/11 MP: 3/3
    92 | D:1      | Found a faded altar of an unknown god.
   103 | D:1      | You fall into a shaft and drop 1 floor!
   154 | D:2      | Reached XP level 2. HP: 13/18 MP: 0/5
   581 | D:1      | Reached XP level 3. HP: 22/22 MP: 3/6
   867 | D:1      | Prayed at the altar of an unknown god.
   867 | D:1      | Became a worshipper of Warmaster Okawaru
   867 | D:1      | Reached * piety under Okawaru
  1305 | D:2      | Learned a level 2 spell: Static Discharge
  1309 | D:2      | Learned a level 3 spell: Swiftness
  1643 | D:2      | Reached skill level 1 in Fighting
  1643 | D:2      | Reached XP level 4. HP: 23/28 MP: 0/7
  1750 | D:2      | Found Uwnopp's Antique Armour Boutique.
  1887 | D:3      | Found a radiant altar of Vehumet.
  2027 | D:3      | Found a hide-covered altar of Uskayaw.
  2560 | D:3      | Found an iron altar of Okawaru.
  2820 | D:4      | Noticed an ice beast
  2868 | D:4      | Reached skill level 4 in Air Magic
  3005 | D:4      | Reached XP level 5. HP: 33/33 MP: 0/8
  3013 | D:3      | Killed from afar by an orc priest

Illustrated notes

Levels and vault maps discovered:
D:1:      matt_arrival_debris, layout_basic,
          hellmonk_ecumenical_altar_heavens_door
D:2:      layout_loops_cross, serial_shops, shop
D:3:      layout_loops_ring, mainiacjoe_overflow_alcove_1, fiery_altar_vehumet,
          okawaru_altar_gauntlet_db
D:4:      layout_cave_pools, nicolae_shop_clearance

Skill      XL: |  1  2  3  4 |
---------------+-------------+-----
Stealth        | 3 |  3.9
Fighting       | 1 |  1.4
Air Magic      | 4 |  4.1
Conjurations   | 2 |  2.0
Dodging        | |  2.0
Spellcasting   | |  2.6

Action                     |  1- 3 |  4- 6 || total
---------------------------+-------+-------++-------
  Melee: Unarmed           |     5 |    10 ||    15
         Tentacles         |     4 |     5 ||     9
         Constrict         |     3 |     5 ||     8
   Cast: Shock             |    51 |    57 ||   108
    Use: Scroll            |       |     2 ||     2
   Stab: Sleeping          |       |     1 ||     1
 Armour: Skin              |     1 |     1 ||     2
  Dodge: Dodged            |     1 |     7 ||     8
